 Dungeon Crawl Stone Soup version 0.22-a0-553-g9358b0b (webtiles) character file.

1022 Mgcat the Carver (level 8, -6/59 HPs)
             Began as a Barachi Fighter on June 25, 2018.
             Was an Initiate of Ru.
             Mangled by an ogre
             ... wielding a +0 giant club
              (20 damage)
             ... on level 5 of the Dungeon.
             The game lasted 00:11:43 (4063 turns).

Mgcat the Carver (Barachi Fighter)                  Turns: 4063, Time: 00:11:43

Health: -6/59      AC: 11    Str: 21    XL:     8   Next: 22%
Magic:  8/8        EV:  3    Int:  8    God:    Ru [......]
Gold:   298        SH:  9    Dex: 11    Spells: 7/7 levels left

rFire    . . .     SeeInvis .   a - +0 long sword
rCold    . . .     Gourm    .   c - +0 shield
rNeg     . . .     Faith    .   n - +0 plate armour
rPois    .         Spirit   .   (no helmet)
rElec    .         Reflect  .   (no cloak)
rCorr    .         Harm     .   (no gloves)
MR       .....                  (no boots)
Stlth    ..........             q - amulet of magic regeneration
HPRegen  0.19/turn              (no ring)
MPRegen  0.36/turn              (no ring)

@: slow
A: +LOS, swims, slowness 1, strong legs 1
a: Hop, Renounce Religion


You were on level 5 of the Dungeon.
You worshipped Ru.
Ru was noncommittal.
You were not hungry.

You visited 1 branch of the dungeon, and saw 5 of its levels.

You collected 298 gold pieces.

Inventory:

Hand Weapons
 a - a +0 long sword (weapon)
Armour
 c - a +0 shield (worn)
 n - a +0 plate armour (worn)
   (You found it on level 1 of the Dungeon)
Jewellery
 q - an amulet of magic regeneration (around neck)
   (You found it on level 4 of the Dungeon)
Wands
 s - a wand of paralysis (12)
   (You found it on level 4 of the Dungeon)
Scrolls
 e - 2 scrolls of fog {unknown}
 h - a scroll of fear {unknown}
 i - 4 scrolls of identify {unknown}
 k - a scroll of remove curse {unknown}
 l - a scroll of noise {unknown}
 m - a scroll of teleportation {unknown}
 p - 2 scrolls of enchant weapon {unknown}
 r - a scroll of blinking {unknown}
 t - a scroll of magic mapping {unknown}
 u - a scroll of immolation {unknown}
Potions
 d - a potion of resistance {unknown}
 j - a potion of cancellation
 o - 2 potions of haste {unknown}
Comestibles
 f - 5 rations
 g - 11 chunks of flesh {@w0}


   Skills:
 - Level 3.6 Fighting
 + Level 11.2 Long Blades
 - Level 3.6 Armour
 - Level 3.2 Shields


You had 7 spell levels left.
You didn't know any spells.
Your spell library was empty.

Dungeon Overview and Level Annotations

Branches:
Dungeon (5/15)
 Temple: D:4-7

Altars:
Cheibriados
Fedhas
Makhleb
Ru
Sif Muna

Shops:
D:4 }

Annotations:
D:2 Sigmund
D:5 1 runed door, Thaneod's ghost, novice DEAE


Innate Abilities, Weirdness & Mutations

Shadows flee at your approach. (+LOS)
You can swim through water.
You cover ground slowly.
You can hop short distances.


Message History

You miss something. Something hits you but does no damage.
You miss something.
A sky beast appears from thin air!
Reactivating autopickup.
The sky beast hits you but does no damage.
You hit the sky beast.
You kill the sky beast!
Your Long Blades skill increases to level 11!
You butcher the orc corpse.
You hear a splash.
g - 11 chunks of flesh {@w0} (gained 3)
Things that are here:
a club; an orc skeleton
Things that are here:
a club; an orc skeleton
u - a scroll labeled HETZOIDAMU
There is a stone staircase leading up here.
You now have 298 gold pieces (gained 11).
A howler monkey comes into view.
Thaneod's ghost turns its malevolent gaze towards you.
The howler monkey howls!
Thaneod's ghost boasts, "After taking care of you, I will research a spell that consumes the world."
A howler monkey is nearby!
A howler monkey is nearby!
The howler monkey hits you but does no damage.
The howler monkey hoots and howls with incredible vigour!
You hear a shout!
You slash the howler monkey!
The howler monkey is almost dead.
The howler monkey hoots and howls with incredible vigour!
You hear a bark!
You closely miss the howler monkey.
The howler monkey is almost dead.
You block the howler monkey's attack.
You slash the howler monkey!
You kill the howler monkey!
No target in view!
No target in view!
Key pressed, stopping explore.
A hound comes into view.
The hound barks!
You slash the hound!
The hound is heavily wounded.
The hound bites you. You block the hound's attack.
Your shield and plate armour prevent you from hitting the hound.
The hound is heavily wounded.
You block the hound's attack.
Your shield and plate armour prevent you from hitting the hound.
The hound is heavily wounded.
The hound pauses to sniff the ground.
The hound barely misses you. The hound bites you.
You closely miss the hound.
The hound is heavily wounded.
The hound bites you.
You barely miss the hound.
The hound is heavily wounded.
You block the hound's attack.
You hit the hound but do no damage.
The hound is heavily wounded.
The hound bites you but does no damage.
You hit the hound.
The hound is heavily wounded.
The hound bites you but does no damage. x2
You hit the hound.
The hound is severely wounded.
You block the hound's attack.
You hit the hound.
You kill the hound!
You are feeling hungry.
No target in view!
No target in view!
Eating one of 11 chunks of flesh {@w0}.
You eat one of the 11 chunks of flesh {@w0}.
This raw flesh tastes terrible.
You butcher the hound corpse.
g - 11 chunks of flesh {@w0} (gained 1)
An ogre comes into view. It is wielding a giant club.
You slash the ogre!
The ogre is moderately wounded.
The ogre hits you with a giant club!!
You are too injured to fight recklessly!
You are too injured to fight recklessly!
You are too injured to fight recklessly!
You are too injured to fight recklessly!
You completely miss the ogre.
The ogre is moderately wounded.
You slash the ogre!
The ogre is heavily wounded.
You block the ogre's attack.
Your shield and plate armour prevent you from hitting the ogre.
The ogre is heavily wounded.
The ogre hits you with a giant club!
You hit the ogre.
The ogre is heavily wounded.
The ogre hits you with a giant club!
* * * LOW HITPOINT WARNING * * *
You feel better.
You hit the ogre.
The ogre is severely wounded.
The ogre hits you with a giant club!!
You die...

............#####...# #..
.............## ##..# #.#
..######......####..# #.#
.. ....###......#.# ##.#
##........# #..#
#.........## #.##
#..........###.#
#########..............#
#......O@..............##
.......................<.
...#######...............
. ###...........##
###.........#
#.........+? #.........#.
#........## #....###.#


You could see an ogre.

Vanquished Creatures
  A sky beast (D:5)
  A necrophage (D:4)
  2 phantoms (D:4)
  Blork the orc (D:4)
  A crimson imp (D:4)
  A howler monkey (D:5)
  A gnoll shaman (D:4)
  An orc priest (D:3)
  A hound (D:5)
  An orc wizard (D:3)
  Jessica (D:2)
  5 worker ants
  A worker ant zombie (D:5)
  5 gnolls (D:4)
  8 adders
  A shadow imp (D:5)
  2 oozes
  An adder skeleton (D:4)
  4 worms
  A dart slug (D:1)
  3 leopard geckos
  11 orcs
  5 ball pythons
  4 giant cockroaches
  6 goblins
  5 hobgoblins
  12 jackals
  2 kobolds
  3 quokkas
  10 bats
  7 frilled lizards
  A jackal skeleton (D:4)
  6 rats
115 creatures vanquished.

Notes
Turn   | Place    | Note
-------+----------+-------------------------------------------
     0 | D:1      | Mgcat the Barachi Fighter began the quest for the Orb.
     0 | D:1      | Reached XP level 1. HP: 18/18 MP: 1/1
    63 | D:1      | Reached skill level 3 in Long Blades
   107 | D:1      | Reached XP level 2. HP: 24/24 MP: 2/2
   433 | D:1      | Reached skill level 4 in Long Blades
   443 | D:1      | Reached XP level 3. HP: 23/29 MP: 3/3
   872 | D:2      | Reached skill level 5 in Long Blades
   880 | D:2      | Reached XP level 4. HP: 28/36 MP: 4/4
   998 | D:2      | Noticed Jessica
  1000 | D:2      | Found a burning altar of Makhleb.
  1011 | D:2      | Killed Jessica
  1226 | D:2      | Reached skill level 6 in Long Blades
  1226 | D:2      | Reached XP level 5. HP: 32/41 MP: 5/5
  1417 | D:3      | Found a sacrificial altar of Ru.
  1440 | D:3      | Reached skill level 7 in Long Blades
  1582 | D:3      | Became a worshipper of Ru the Awakened
  1883 | D:2      | Found a blossoming altar of Fedhas.
  1883 | D:2      | Noticed Sigmund
  1942 | D:3      | Found a snail-covered altar of Cheibriados.
  1943 | D:3      | Found a deep blue altar of Sif Muna.
  2294 | D:4      | Reached XP level 6. HP: 47/47 MP: 6/6
  2315 | D:4      | Found Wuci's Gadget Emporium.
  2566 | D:4      | Noticed a phantom
  2589 | D:4      | Killed a phantom
  2589 | D:4      | Reached skill level 8 in Long Blades
  2727 | D:4      | Noticed Blork the orc
  2768 | D:4      | Killed Blork the orc
  2768 | D:4      | Reached XP level 7. HP: 26/52 MP: 7/7
  2876 | D:4      | Reached skill level 9 in Long Blades
  3049 | D:4      | HP: 5/51 [gnoll/halberd (8)]
  3457 | D:4      | Reached skill level 10 in Long Blades
  3679 | D:5      | Entered Level 5 of the Dungeon
  3814 | D:5      | Reached XP level 8. HP: 37/58 MP: 8/8
  3979 | D:5      | Reached skill level 11 in Long Blades
  3987 | D:5      | Found a runed door.
  3989 | D:5      | Noticed Thaneod's ghost (novice DEAE)
  4061 | D:5      | HP: 10/58 [ogre/giant club (16)]
  4063 | D:5      | Mangled by an ogre

Vault maps used:
D:1:      dpeg_arrival_renting
D:2:      nicolae_overflow_hidden_temple, uniq_jessica, uniq_sigmund
D:3:      nicolae_ru_awakened_eye, gammafunk_temple_overflow_pools,
          kennysheep_generic_room_9
D:4:      first_ration, serial_shops,
          nicolae_shop_temple_entry_statues_fountains, uniq_blork_the_orc
D:5:      kennysheep_ying_yang, serial_glass, glass_columns_a, glass_columns_b,
          gammafunk_ghost_grave, kennysheep_generic_room_4

Skill      XL: |  1  2  3  4  5  6  7  8 |
---------------+-------------------------+-----
Long Blades    | 3 4 5 6 7 8 10 11 | 11.2
Fighting       | |  3.6
Armour         | |  3.6
Shields        | |  3.2

Action                   |  1- 3 |  4- 6 |  7- 9 || total
-------------------------+-------+-------+-------++-------
Melee: Long sword        |    95 |   236 |   185 ||   516
Invok: Reject Sacrifices |       |       |     1 ||     1
Evoke: Wand              |       |     5 |       ||     5
  Use: Potion            |       |     7 |     1 ||     8
 Stab: Paralysed         |       |     4 |       ||     4
  Eat: Chunk             |       |     8 |     5 ||    13
Armor: Scale mail        |    22 |       |       ||    22
       Plate armour      |    26 |   157 |    88 ||   271
       Skin              |       |     9 |       ||     9
Dodge: Dodged            |    16 |    28 |    25 ||    69
Block: Shield            |    47 |   123 |    70 ||   240
       Rpst.: Long sword |     5 |     8 |    12 ||    25

Table legend:
 A = Spawn XP
 B = Non-spawn XP
 C = Spawn XP percentage of total XP
 D = Spawn monster count
 E = Non-spawn monster count
 F = Spawn count percentage of total count
 G = Total turns spent on level
                    A         B        C        D         E        F      G
               +---------+---------+-------+---------+---------+-------+---------
         Total |       0 |    1460 |   0.0 |       0 |     115 |   0.0 |  4063
               +---------+---------+-------+---------+---------+-------+---------
           D:1 |       0 |      46 |   0.0 |       0 |      25 |   0.0 |   765
           D:2 |       0 |     121 |   0.0 |       0 |      19 |   0.0 |   549
           D:3 |       0 |     141 |   0.0 |       0 |      23 |   0.0 |  1333
           D:4 |       0 |     804 |   0.0 |       0 |      29 |   0.0 |  1032
           D:5 |       0 |     348 |   0.0 |       0 |      19 |   0.0 |   384
               +---------+---------+-------+---------+---------+-------+---------

Vault maps used:
D:1:      dpeg_arrival_renting
D:2:      nicolae_overflow_hidden_temple, uniq_jessica, uniq_sigmund
D:3:      nicolae_ru_awakened_eye, gammafunk_temple_overflow_pools,
          kennysheep_generic_room_9
D:4:      first_ration, serial_shops,
          nicolae_shop_temple_entry_statues_fountains, uniq_blork_the_orc
D:5:      kennysheep_ying_yang, serial_glass, glass_columns_a, glass_columns_b,
          gammafunk_ghost_grave, kennysheep_generic_room_4

Table legend:
 A = Turns spent in this place as a percentage of turns spent in the entire game.
 B = Non-inter-level travel turns spent in this place as a percentage of non-inter-level travel turns spent in the entire game.
 C = Inter-level travel turns spent in this place as a percentage of turns spent in this place.
 D = Turns resting spent in this place as a percentage of non-inter-level travel turns spent in this place.
 E = Turns spent auto-exploring this place as a percentage of non-inter-level travel turns spent in this place.
 F = Non-inter-level travel turns spent in this place divided by the number of levels of this place that you've seen.
                   A       B       C       D       E      F
               +-------+-------+-------+-------+-------+----------------------
         Total | 100.0 | 100.0 |   3.9 |   8.0 |  66.8 | 780.8
       Dungeon | 100.0 | 100.0 |   3.9 |   8.0 |  66.8 | 780.8
               +-------+-------+-------+-------+-------+----------------------

Table legend:
 A = Kills in this place as a percentage of kills in entire the game.
 B = Kills by you in this place as a percentage of kills by you in the entire game.
 C = Kills by friends in this place as a percentage of kills by friends in the entire game.
 D = Other kills in this place as a percentage of other kills in the entire game.
 E = Experience gained in this place as a percentage of experience gained in the entire game.
 F = Experience gained in this place divided by the number of levels of this place that you have seen.
                   A       B       C       D       E      F
               +-------+-------+-------+-------+-------+----------------------
         Total | 100.0 | 100.0 |   N/A |   N/A | 100.0 | 292.0
       Dungeon | 100.0 | 100.0 |   N/A |   N/A | 100.0 | 292.0
               +-------+-------+-------+-------+-------+----------------------
